 Dungeon Crawl Stone Soup version 0.27-a0-1456-gf5a116941d (webtiles) character file.

Game seed: 13132056331039159606

56 quinnr the Gusty (level 3, -3/19 HPs)
             Began as a Tengu Air Elementalist on July 7, 2021.
             Slain by an adder (5 damage)
             ... on level 3 of the Dungeon.
             The game lasted 00:04:59 (2157 turns).

quinnr the Gusty (Tengu Air Elementalist)           Turns: 2157, Time: 00:05:00

Health: -3/19      AC:  2    Str:  8    XL:     3   Next: 97%
Magic:  3/8        EV: 12    Int: 16    God:
Gold:   60         SH:  0    Dex: 14    Spells: 5/8 levels left

rFire    . . .     SeeInvis .   (no weapon)
rCold    . . .     Faith    .   (no shield)
rNeg     . . .     Spirit   .   a - +0 robe
rPois    .         Reflect  .   (helmet restricted)
rElec    .         Harm     .   (no cloak)
rCorr    .         Rampage  .   (no gloves)
Will     .....                  (boots unavailable)
Stlth    ++........             (no amulet)
HPRegen  0.06/turn              (no ring)
MPRegen  0.11/turn              (no ring)

@: lethally poisoned (-3 -> -8), flying
A: beak, talons 3
a: no special abilities


You were on level 3 of the Dungeon.
You visited 1 branch of the dungeon, and saw 3 of its levels.

You collected 60 gold pieces.

Inventory:

Armour
 a - a +0 robe (worn)
Scrolls
 b - 2 scrolls of noise {unknown}
 f - a scroll of teleportation {unknown}
 j - a scroll of summoning {unknown}
 k - a scroll of amnesia {unknown}
Potions
 c - a potion of lignification {unknown}
 d - a potion of cancellation {unknown}
 e - a potion of brilliance {unknown}
 g - a potion of haste {unknown}
 h - a potion of curing {unknown}


   Skills:
 - Level 2.1 Dodging
 - Level 2.0 Stealth
 - Level 3.0 Spellcasting
 - Level 1.3 Conjurations
 + Level 5.3 Air Magic


You had 5 spell levels left.
You knew the following spells:

 Your Spells              Type           Power      Damage    Failure   Level
a - Shock                 Conj/Air       52%        1d6       4%          1
b - Poisonous Vapours     Pois/Air       22%        N/A       10%         2

Your spell library contained the following spells:

 Spells                   Type           Power      Damage    Failure   Level
 Swiftness                Air            19%        N/A       6%          3
 Static Discharge         Conj/Air       13%        N/A       7%          2
 Sting                    Tmut/Pois      8%         1d3       19%         1
 Airstrike                Air            9%         N/A       21%         4
 Olgreb's Toxic Radiance  Pois           2%         N/A       88%         4


Dungeon Overview and Level Annotations

Branches:
Dungeon (3/15)

Altars:


Innate Abilities, Weirdness & Mutations

You have a beak for a mouth.
You have claws for feet.


Message History

You climb downwards.
There is a stone staircase leading up here.
k - a scroll labelled SACOKE WOGRAURO A ball python comes into view.
The zap hits the ball python.
The ball python is heavily wounded.
The ball python hisses angrily.
You hear an angry hiss.
An adder comes into view.
The zap misses the adder.
The zap misses the adder.
The zap hits the adder.
The adder is moderately wounded.
You feel a bit more experienced. The adder bites you.
You are poisoned.
The adder poisons you!
An adder is nearby!
Unknown command.
Casting: Shock (safe; 4% risk of failure)
Confirm with . or Enter, or press ? or * to list all spells.
Okay, then.
You feel sick. The adder bites you but does no damage.
You feel sick.
You feel sick. The adder barely misses you.
You feel sick.
Casting: Shock (safe; 4% risk of failure)
Confirm with . or Enter, or press ? or * to list all spells.
Aiming: Poisonous Vapours (safe; 10% risk of failure)
Press: ? - help, Dir - move target, f/p - adder
Aim: an adder (moderately wounded) Poisonous vapours surround the adder!
The adder is poisoned.
You feel sick. The adder bites you.
You are lethally poisoned!
The adder poisons you!
It was a potion of flight.
You feel very buoyant.
You fly up into the air.
* * * LOW HITPOINT WARNING * * *
You feel sick. The adder bites you.
* * * LOW HITPOINT WARNING * * *
The adder bites you.
You die...

#.#.#
#.#.#
#.#.#
####.#.#
#....#.#
#.#....#
..
#.####
## #S#
#@# #.#
#.# #.#
#.# #.#
#.# #.#
###.#


You could see an adder (poisoned).

Vanquished Creatures
  An adder (D:2)
  A worm (D:2)
  2 dart slugs (D:1)
  2 ball pythons
  2 bats (D:1)
  6 endoplasms
  3 giant cockroaches
  2 hobgoblins (D:2)
  7 jackals
  A quokka (D:1)
  3 goblins
  A kobold (D:1)
  5 rats
36 creatures vanquished.

Vanquished Creatures (others)
  A hobgoblin (D:3)
1 creature vanquished.

Grand Total: 37 creatures vanquished

Notes
Turn   | Place    | Note
-------+----------+-------------------------------------------
     0 | D:1      | quinnr the Tengu Air Elementalist began the quest for the
                  | Orb.
     0 | D:1      | Reached XP level 1. HP: 10/10 MP: 4/4
   262 | D:1      | Reached XP level 2. HP: 15/15 MP: 1/6
   384 | D:1      | Learned a level 2 spell: Poisonous Vapours
   590 | D:1      | Found a faded altar of an unknown god.
   975 | D:2      | Reached XP level 3. HP: 19/19 MP: 3/7
  1305 | D:2      | Reached skill level 5 in Air Magic
  2157 | D:3      | Slain by an adder

Illustrated notes

Levels and vault maps discovered:
D:1:      dpeg_arrival_boxorama, layout_rooms, basic_ecumenical_altar
D:2:      layout_basic
D:3:      layout_basic, grunt_gozag_statues, lemuel_old_faithful

Skill      XL: |  1  2  3 |
---------------+----------+-----
Air Magic      | 5 |  5.3
Spellcasting   | 3 |  3.0
Dodging        | |  2.1
Stealth        | |  2.0
Conjurations   | |  1.3

Action                   || total
-------------------------++-------
Melee: Unarmed           ||     3
       Kick              ||     2
 Cast: Shock             ||    83
       Poisonous Vapours ||     1
  Use: Potion            ||     1
Armor: Robe              ||     3
Dodge: Dodged            ||    17

Table legend: (Time is in decaauts)
 A = Elapsed time spent in this place.
 B = Non-inter-level travel time spent in this place.
 C = Inter-level travel time spent in this place.
 D = Time resting spent in this place.
 E = Time spent auto-exploring this place.
 F = Levels seen in this place.
 G = Mean time per level.
                   A        B        C        D        E       F      G
               +--------+--------+--------+--------+--------+-----+--------+
         Total |   2156 |   2134 |     22 |     72 |   1828 |   3 |  718.7 |
       Dungeon |   2156 |   2134 |     22 |     72 |   1828 |   3 |  718.7 |
               +--------+--------+--------+--------+--------+-----+--------+

Top non-repeatable levels by time:
     D:2: 1144 daAuts
     D:1: 952 daAuts
     D:3: 59 daAuts
